 Dungeon Crawl Stone Soup version 0.20.0-6-gd3061e9 (webtiles) character file.

1474 grindst0ne the Blocker (level 9, -3/68 HPs)
             Began as a Formicid Fighter on May 28, 2017.
             Slain by an ogre
             ... wielding a +0 giant club
              (18 damage)
             ... on level 6 of the Dungeon.
             The game lasted 00:12:15 (4530 turns).

grindst0ne the Blocker (Formicid Fighter)           Turns: 4530, Time: 00:12:16

Health: -3/68      AC: 15    Str: 20    XL:     9   Next: 6%
Magic:  9/9        EV:  8    Int:  9    God:
Gold:   303        SH: 11    Dex: 13    Spells: 8/8 levels left

rFire    . . .     SeeInvis +   B - +1 glaive (chop)
rCold    + . .     Gourm    .   c - +0 shield
rNeg     . . .     Faith    .   n - +1 chain mail {rC+}
rPois    .         Spirit   .   (helmet unavailable)
rElec    .         Reflect  .   (no cloak)
rCorr    .         Harm     .   z - +2 pair of gloves
MR       ++...                  (no boots)
Stlth    ..........             (no amulet)
Regen    0.3/turn               s - ring of protection from magic
MPRegen  0.2/turn               l - ring of protection from magic

@: no status effects
A: permanent stasis, dig shafts and tunnels, four strong arms, antennae 3
a: Dig, Shaft Self


You were on level 6 of the Dungeon.
You were not hungry.

You visited 1 branch of the dungeon, and saw 6 of its levels.

You collected 303 gold pieces.

Inventory:

Hand Weapons
 a - a +0 war axe
 B - a +1 glaive of chopping (weapon)
Armour
 c - a +0 shield (worn)
 n - a +1 chain mail of cold resistance (worn)
 z - a +2 pair of gloves (worn)
Jewellery
 e - an uncursed ring of poison resistance
 l - a ring of protection from magic (right hand)
 s - a ring of protection from magic (left hand)
 v - an uncursed ring of resist corrosion
Wands
 y - a wand of paralysis (6/24)
Scrolls
 g - a scroll of random uselessness {unknown}
 h - 2 scrolls of magic mapping {unknown}
 j - 4 scrolls of enchant armour {unknown}
 k - 4 scrolls of teleportation {unknown}
 p - a scroll of remove curse {unknown}
 q - 2 scrolls of fear {unknown}
 r - a scroll of amnesia {unknown}
 t - 7 scrolls of identify {unknown}
 w - 4 scrolls of immolation {unknown}
Potions
 d - a potion of might
 i - 4 potions of curing {unknown}
 m - 2 potions of agility
 o - 2 potions of lignification {unknown}
 u - a potion of mutation {unknown}
 x - a potion of brilliance {unknown}
Comestibles
 b - 2 chunks of flesh
 f - 5 bread rations
 A - a royal jelly


   Skills:
 - Level 5.0 Fighting
 - Level 2.0 Axes
 + Level 8.5 Armour
 - Level 9.1 Shields


You had 8 spell levels left.
You didn't know any spells.

Dungeon Overview and Level Annotations

Branches:
Dungeon (6/15)
 Temple: D:4-7

Altars:
Makhleb
Sif Muna
Uskayaw
Vehumet
The Shining One


Innate Abilities, Weirdness & Mutations

You cannot be hasted, slowed, berserked, paralysed or teleported.
You can dig through walls and to a lower floor.
Your four strong arms can wield two-handed weapons with a shield.
You have a pair of large antennae on your head. (SInv)


Message History

You barely miss the orc priest.
The orc priest is moderately wounded.
The orc priest hits you but does no damage.
You hit the orc priest.
The orc priest is heavily wounded.
The orc priest hits you but does no damage.
The orc priest mumbles some strange prayers to Beogh against you.
Beogh smites you!
You slash the orc priest!
You kill the orc priest!
You block the ogre's attack.
You hit the ogre but do no damage. The ogre hits you with a giant club!
* * * LOW HITPOINT WARNING * * *
You slash the ogre!
The ogre is severely wounded.
You block the ogre's attack.
You barely miss the ogre.
The ogre is severely wounded.
The ogre hits you with a giant club!!
You die...

....... ##o#
...F... .#{# #
......O##.#.#.#
.. #<..#.#.#...
##.##.....#
+.......#
####{#### {
##O# #@## ###


You could see an ogre.

Vanquished Creatures
  Eustachio (D:5)
  Menkaure (D:5)
  An orc warrior (D:6)
  Duvessa (D:5)
  The ghost of MTVSty1e the Ruffian, an amateur DrTm (D:3)
  2 centaurs (D:5)
  2 bullfrogs
  Dowan (D:5)
  2 scorpions
  2 howler monkeys
  A crimson imp (D:4)
  An orc priest (D:6)
  2 hounds
  A centaur skeleton (D:4)
  A bullfrog skeleton (D:5)
  2 iguanas (D:4)
  A worker ant (D:4)
  Terence (D:2)
  5 adders
  2 oozes (D:1)
  2 worms (D:2)
  3 dart slugs
  A leopard gecko (D:2)
  4 orcs
  8 bats
  4 giant cockroaches
  6 goblins
  7 hobgoblins
  11 jackals
  6 kobolds
  2 quokkas
  2 ball pythons
  6 frilled lizards
  A giant cockroach zombie (D:5)
  10 rats
104 creatures vanquished.

Notes
Turn   | Place    | Note
-------+----------+-------------------------------------------
     0 | D:1      | grindst0ne the Formicid Fighter began the quest for the Orb.
     0 | D:1      | Reached XP level 1. HP: 18/18 MP: 1/1
    69 | D:1      | Reached XP level 2. HP: 25/25 MP: 2/2
   261 | D:1      | Reached XP level 3. HP: 31/31 MP: 3/3
   792 | D:2      | Reached skill level 4 in Shields
   934 | D:2      | Noticed Terence
   950 | D:2      | Killed Terence
   950 | D:2      | Reached XP level 4. HP: 32/38 MP: 4/4
  1042 | D:2      | Found a radiant altar of Vehumet.
  1043 | D:2      | Found a deep blue altar of Sif Muna.
  1666 | D:2      | Reached skill level 5 in Fighting
  1884 | D:3      | Reached XP level 5. HP: 42/44 MP: 5/5
  1886 | D:3      | Reached skill level 5 in Shields
  1892 | D:3      | Noticed MTVSty1e's ghost (amateur DrTm)
  1933 | D:3      | Killed MTVSty1e's ghost
  1933 | D:3      | Reached skill level 6 in Shields
  1933 | D:3      | Reached XP level 6. HP: 24/51 MP: 6/6
  2551 | D:3      | Found a glowing golden altar of the Shining One.
  2684 | D:3      | Found a hide-covered altar of Uskayaw.
  2684 | D:3      | Noticed a hand axe
  2684 | D:3      | Noticed a dagger
  2815 | D:4      | Found a burning altar of Makhleb.
  2873 | D:4      | Reached skill level 7 in Shields
  3153 | D:4      | Reached XP level 7. HP: 56/56 MP: 7/7
  3165 | D:4      | Reached skill level 8 in Shields
  3597 | D:5      | Entered Level 5 of the Dungeon
  3606 | D:5      | Reached skill level 9 in Shields
  3774 | D:5      | Noticed Menkaure
  3783 | D:5      | Killed Menkaure
  3783 | D:5      | Reached XP level 8. HP: 32/62 MP: 8/8
  3794 | D:5      | Noticed Duvessa
  3935 | D:5      | Noticed Dowan
  3945 | D:5      | Killed Duvessa
  3945 | D:5      | Reached skill level 5 in Armour
  3951 | D:5      | Killed Dowan
  4026 | D:5      | Noticed Eustachio
  4076 | D:5      | Killed Eustachio
  4521 | D:6      | Reached XP level 9. HP: 41/68 MP: 9/9
  4530 | D:6      | Slain by an ogre

Skill      XL: |  1  2  3  4  5  6  7  8 |
---------------+-------------------------+-----
Fighting       | 4 5 |  5.0
Shields        | 4 6 7 9 |  9.1
Armour         | 4 8 |  8.5
Axes           | |  2.0

Action                   |  1- 3 |  4- 6 |  7- 9 || total
-------------------------+-------+-------+-------++-------
Melee: War axe           |    87 |   234 |    64 ||   385
       Glaive            |       |       |    83 ||    83
 Abil: Dig               |     4 |     6 |     5 ||    15
  Use: Potion            |       |       |     1 ||     1
  Eat: Chunk             |       |     8 |     6 ||    14
Armor: Scale mail        |    25 |       |       ||    25
       Chain mail        |       |   125 |    73 ||   198
Dodge: Dodged            |    28 |    52 |    39 ||   119
Block: Shield            |    49 |   166 |    86 ||   301
